 Dungeon Crawl Stone Soup version 0.28.0-53-g5a82cb258f (webtiles) character file.

Game seed: 13871278412938376504

5939 firemarshallily the Unseen (level 10, 0/84 HPs)
             Began as a Naga Monk on June 16, 2022.
             Was a Priest of Dithmenos.
             Slain by Maggie
             ... wielding a +0 vorpal morningstar
              (5 damage)
             ... on level 10 of the Dungeon on June 21, 2022.
             The game lasted 00:44:19 (11549 turns).

firemarshallily the Unseen (Naga Monk)             Turns: 11549, Time: 00:44:20

Health: 0/84       AC: 14    Str: 14    XL:     10   Next: 83%
Magic:  10/10      EV:  9    Int: 11    God:    Dithmenos [***...]
Gold:   282        SH:  0    Dex: 17    Spells: 9/9 levels left

rFire   . . .      SeeInvis +   B - +2 rapier of Inference {chaos, Fly rElec Will- Stlth+}
rCold   + . .      Faith    .   (no shield)
rNeg    + . .      Spirit   .   D - +1 robe {rN+}
rPois   +          Reflect  .   (no helmet)
rElec   +          Harm     .   (no cloak)
rCorr   .          Rampage  .   i - +0 pair of gloves
Will    +....                   g - +4 barding of a ziggurat {Will+ Stlth+} Stlth ***+++++++
                                k - amulet of magic regeneration
HPRegen 0.24/turn               c - ring of protection from cold
MPRegen 0.52/turn               (no ring)

@: flying, wreathed by umbra, very slow
A: AC +3, large, see invisible, deformed body, poison resistance, slowness 2,
spit poison 1, naga tail 1
a: Spit Poison, Renounce Religion, Shadow Step


You were on level 10 of the Dungeon.
You worshipped Dithmenos.
Dithmenos was most pleased with you.
You visited 2 branches of the dungeon, and saw 13 of its levels.

You collected 643 gold pieces.
You spent 361 gold pieces at shops.

Inventory:

Hand Weapons
 a - a +0 short sword
 o - a +2 dagger of speed
 B - the +2 rapier of Inference (weapon) {chaos, Fly rElec Will- Stlth+}
   (You bought it in a shop on level 4 of the Dungeon)

   Each time it hits an enemy it has a different, random effect.
   rElec:     It insulates you from electricity.
   Fly:       It grants you flight.
   Will:      It decreases your willpower.
   Stlth:     It makes you more stealthy.
 C - a +2 short sword of speed
Missiles
 f - 48 poisoned darts
 h - 298 stones
 v - 10 boomerangs
 y - 2 throwing nets
 F - a curare-tipped dart
Armour
 g - the +4 barding of a ziggurat (worn) {Will+ Stlth+}
   (You acquired it on level 5 of the Dungeon)

   Will:      It increases your willpower.
   Stlth:     It makes you more stealthy.
 i - a +0 pair of gloves (worn)
 l - the +0 ring mail "Ozaont" {Contam Drain rN+++ Regen+}
   (You found it on level 2 of the Dungeon)

   rN:        It renders you almost immune to negative energy.
   Contam:    It causes magical contamination when unequipped.
   Regen:     It increases your rate of health regeneration.
   Drain:     It drains your maximum health when unequipped.
 D - a +1 robe of positive energy (worn)
 I - a +0 robe of resistance
Jewellery
 b - an amulet of the acrobat
 c - a ring of protection from cold (left hand)
 d - a ring of ice
 k - an amulet of magic regeneration (around neck)
Wands
 m - a wand of digging (6)
 n - a wand of flame (7)
 J - a wand of charming (5)
 K - a wand of mindburst (4)
Scrolls
 j - 4 scrolls of teleportation
 x - a scroll of magic mapping
 z - 2 scrolls of vulnerability {unknown}
 E - a scroll of enchant weapon {unknown}
 L - a scroll of identify
Potions
 e - 3 potions of curing
 p - 2 potions of flight
 q - a potion of cancellation
 r - a potion of invisibility
 s - 2 potions of resistance
 t - a potion of lignification {unknown}
 w - a potion of attraction
 A - a potion of brilliance {unknown}
 G - a potion of haste {unknown}
 H - 2 potions of berserk rage {unknown}


   Skills:
 - Level 3.0 Fighting
 * Level 10.7 Short Blades
 - Level 3.0 Dodging
 * Level 18.2 Stealth


You had 9 spell levels left.
You didn't know any spells.
Your spell library contained the following spells:

 Spells                   Type           Power      Damage    Failure   Level
 Dispersal                Tloc           0%         N/A       100%        6
 Disjunction              Tloc           0%         N/A       100%        8


Dungeon Overview and Level Annotations

Branches:
Dungeon (12/15)            Temple (1/1) D:4            Lair (0/6) D:9
    Orc: D:9-12

Altars:
Ashenzari
Cheibriados
Dithmenos
Elyvilon
Fedhas
Gozag
Hepliaklqana
Kikubaaqudgha
Makhleb
Nemelex Xobeh
Okawaru
Qazlal
Ru
Sif Muna
Trog
Uskayaw
Vehumet
Wu Jian
Xom
Yredelemnul
Zin
The Shining One

Shops:
D:4 *   D:7 [*

Annotations:
D:3 Sigmund
D:8 2 runed translucent doors, PhantomBowie's ghost, journeyman GnWn
D:9 exclusion: ice statue
D:10 Maggie
D:11 1 runed translucent door, Palms's ghost, journeyman OgFE
D:12 Fannar


Innate Abilities, Weirdness & Mutations

Your serpentine skin is tough. (AC +3)
You have supernaturally acute eyesight. (SInv)
Armour fits poorly on your strangely shaped body.
Your system is resistant to poisons. (rPois)
You cover ground very slowly.
You can spit poison.
You have a snake-like lower body.


Message History

You hit Maggie. You burn Maggie.
Maggie is heavily wounded.
Maggie closely misses you.
Maggie hits you with a +0 vorpal morningstar!!
You barely miss Maggie.
Maggie is heavily wounded.
Maggie hits you with a +0 vorpal morningstar!!
You hear a bellow!
You feel better.
Maggie hits you with a +0 vorpal morningstar.
Aiming: Spit Poison (1% risk of failure)
Press: ? - help, Q - select action, (/) - cycle Shift-Dir - straight line, f - Maggie
Aim: Maggie, wielding a +0 vorpal morningstar and wearing +0 steam dragon scales (heavily wounded, berserk, fast, umbra, 64% to hit)
The splash of poison hits Maggie!
Maggie is heavily wounded.
Maggie closely misses you.
Maggie hits you with a +0 vorpal morningstar!
* * * LOW HITPOINT WARNING * * *
x2
Okay, then.
It was a potion of flight.
You feel more buoyant. Maggie barely misses you.
You hit Maggie. You freeze Maggie.
Maggie is heavily wounded.
Maggie barely misses you.
You hit Maggie.
Maggie suddenly seems more agile.
Maggie is severely wounded.
Maggie hits you but does no damage.
You hit Maggie but do no damage.
Maggie is severely wounded.
Maggie completely misses you.
You hit Maggie.
Maggie's magic leaks into the air.
Maggie is severely wounded.
You have got your breath back.
Maggie misses you.
You hit Maggie but do no damage.
Maggie is severely wounded.
Maggie hits you with a +0 vorpal morningstar!
* * * LOW HITPOINT WARNING * * *
You die...

.# #.#.# #.# .#
#.#.# #.#
.###.#.# #.#
....>#.# #.#
###'##'### #.#
#.......# #.#
#.......#######.#
#.......'.....#.#
##'##...#####.#@#
#.....##
#)#@###########
#.....##
#.#YY.........#
#......#
#.##########.##
######## ### #S#
#.# #@# #Y#


YY$ You could see Maggie (berserk, fast, agile, magic disrupted) and 2 yaks.

Vanquished Creatures
  A two-headed ogre (D:10)
  A deep elf pyromancer (D:10)
  An ugly thing (D:8)
  A kobold demonologist (D:6)
  A troll (D:9)
  A shadow (D:10)
  A wyvern (D:9)
  A yak (D:9)
  2 water moccasins (D:9)
  A black bear (D:6)
  3 orc warriors (D:9)
  2 hornet zombies
  2 ogres
  2 necrophages
  A phantom (D:6)
  A centaur (D:6)
  4 bullfrogs
  2 kobold brigands (D:8)
  3 scorpions
  A wyvern zombie (D:7)
  3 killer bees (D:9)
  2 vampire bats (D:3)
  5 howler monkeys
  5 centaur zombies
  2 jellies
  3 orc priests
  2 hounds
  Natasha (thrice) (D:2)
  An iguana (D:6)
  10 orc wizards
  A hound skeleton (D:5)
  9 adders
  2 shadow imps (D:6)
  2 worms
  A dart slug (D:1)
  25 orcs
  9 endoplasms
  4 goblins
  8 hobgoblins
  7 jackals
  3 quokkas (D:4)
  4 ball pythons
  8 bats
  2 frilled lizards
  15 kobolds
  4 rats
172 creatures vanquished.

Vanquished Creatures (collateral kills)
  A jelly (D:5)
  2 adders (D:5)
3 creatures vanquished.

Vanquished Creatures (others)
  3 fungi (D:9)
  A plant (D:9)
4 creatures vanquished.

Grand Total: 179 creatures vanquished

Notes
Turn   | Place    | Note
-------+----------+-------------------------------------------
     0 | D:1      | firemarshallily the Naga Monk began the quest for the Orb.
     0 | D:1      | Reached XP level 1. HP: 21/21 MP: 1/1
    21 | D:1      | Found Holoo's Jewellery Emporium.
   250 | D:1      | Reached XP level 2. HP: 28/28 MP: 2/2
  1169 | D:2      | Reached skill level 4 in Stealth
  1209 | D:2      | Reached XP level 3. HP: 30/34 MP: 3/3
  1410 | D:2      | Identified the +0 ring mail "Ozaont" {Contam Drain rN+++
                  | Regen+}
  1730 | D:2      | Noticed Natasha
  1736 | D:2      | Killed Natasha
  1737 | D:2      | Reached skill level 5 in Stealth
  1737 | D:2      | Reached XP level 4. HP: 26/42 MP: 4/4
  1884 | D:2      | Noticed Natasha
  1892 | D:2      | Killed Natasha
  2020 | D:2      | Noticed Natasha
  2028 | D:2      | Killed Natasha
  2029 | D:2      | Reached skill level 6 in Stealth
  2029 | D:2      | Reached XP level 5. HP: 36/49 MP: 5/5
  2809 | D:3      | Reached skill level 7 in Stealth
  2809 | D:3      | Reached XP level 6. HP: 36/56 MP: 6/6
  3519 | D:3      | Noticed Sigmund
  3812 | D:4      | Reached skill level 8 in Stealth
  3826 | D:4      | Reached skill level 9 in Stealth
  3935 | D:4      | Reached XP level 7. HP: 19/62 MP: 7/7
  4278 | D:4      | Found Wykhliqurr's Assorted Antiques.
  4292 | D:4      | Bought a scroll of identify for 56 gold pieces
  4293 | D:4      | Bought a scroll labelled RORIEV XANEJ for 28 gold pieces
  4293 | D:4      | Bought a cyan potion for 25 gold pieces
  4385 | D:4      | Found a staircase to the Ecumenical Temple.
  4412 | Temple   | Entered the Ecumenical Temple
  4463 | Temple   | Became a worshipper of Dithmenos the Shadowed
  4463 | Temple   | Reached * piety under Dithmenos
  4463 | Temple   | Reached ** piety under Dithmenos
  4574 | D:4      | Reached skill level 5 in Short Blades
  4864 | D:5      | Entered Level 5 of the Dungeon
  4867 | D:5      | Acquired the +4 barding of a ziggurat {Will+ Stlth+}
  4871 | D:5      | Reached skill level 10 in Stealth
  5388 | D:5      | Noticed a kobold demonologist
  5415 | D:5      | Found a blossoming altar of Fedhas.
  5461 | D:5      | Noticed a kobold demonologist
  5463 | D:5      | Noticed a kobold demonologist
  5575 | D:6      | Reached skill level 11 in Stealth
  5575 | D:6      | Reached XP level 8. HP: 53/69 MP: 8/8
  5918 | D:6      | Reached skill level 12 in Stealth
  6456 | D:6      | Reached skill level 13 in Stealth
  6841 | D:7      | Found Atafono's Overcharged Wands.
  7018 | D:7      | Reached skill level 14 in Stealth
  7018 | D:7      | Reached XP level 9. HP: 75/75 MP: 9/9
  7188 | D:7      | Found Qesh's Armour Boutique.
  7228 | D:5      | Noticed an ice devil
  7246 | D:6      | Noticed a red devil
  7248 | D:6      | Killed a kobold demonologist
  7382 | D:4      | Bought a fading rapier for 252 gold pieces
  7382 | D:4      | Identified the +2 rapier of Inference {chaos, Fly rElec
                  | Will- Stlth+} (You bought it in a shop on level 4 of the
                  | Dungeon)
  7478 | D:8      | Noticed a white ugly thing
  7590 | D:8      | Reached *** piety under Dithmenos
  7724 | D:8      | Killed a white ugly thing
  7725 | D:8      | Reached skill level 15 in Stealth
  8045 | D:8      | Found a large runed translucent door.
  8045 | D:8      | Found a large runed translucent door.
  8047 | D:8      | Noticed PhantomBowie's ghost (journeyman GnWn)
  8158 | D:9      | Noticed an ice statue
  8290 | D:9      | Reached skill level 16 in Stealth
  8309 | D:9      | Reached XP level 10. HP: 55/84 MP: 10/10
  8438 | D:9      | Found a staircase to the Lair.
  8903 | D:9      | Reached skill level 17 in Stealth
  9679 | D:10     | Entered Level 10 of the Dungeon
  9792 | D:10     | Reached skill level 10 in Short Blades
  9995 | D:10     | Noticed a deep elf pyromancer
 10012 | D:10     | Killed a deep elf pyromancer
 10149 | D:10     | Noticed Maggie
 10164 | D:10     | Noticed a glowing shapeshifter
 10164 | D:10     | a yak changed into a glowing shapeshifter
 10164 | D:10     | a glowing shapeshifter changed into a slime creature
 10167 | D:10     | Noticed a satyr
 10167 | D:10     | a slime creature changed into a satyr
 10171 | D:10     | Noticed a boulder beetle
 10171 | D:10     | a satyr changed into a boulder beetle
 10172 | D:10     | Noticed a satyr
 10172 | D:10     | a boulder beetle changed into a satyr
 10180 | D:10     | Noticed an anaconda
 10180 | D:10     | a satyr changed into an anaconda
 10565 | D:10     | You are sucked into a shaft and drop 2 floors!
 10585 | D:12     | Noticed Fannar
 10669 | D:11     | Noticed Palms's ghost (journeyman OgFE)
 10669 | D:11     | Noticed a centaur warrior
 10669 | D:11     | Found a runed translucent door.
 10788 | D:11     | Noticed a two-headed ogre
 11370 | D:10     | Noticed a two-headed ogre
 11372 | D:10     | Killed a two-headed ogre
 11373 | D:10     | Reached skill level 18 in Stealth
 11549 | D:10     | Slain by Maggie

Illustrated notes

Levels and vault maps discovered:
D:1:      lemuel_arrival_rhombus, layout_basic, serial_shops,
          nicolae_shop_waterfront, minmay_misc_feat_diagonals
D:2:      layout_basic, uniq_natasha
D:3:      layout_basic, roderic_batcave, minmay_shallow_snake_nest, uniq_sigmund
D:4:      layout_cave_pools, temple_doors_e, serial_shops, shop
D:5:      layout_rooms, mainiacjoe_overflow_surrounded_room
D:6:      layout_basic
D:7:      layout_gridville, serial_shops, kennysheep_mini, serial_park_tiny_1,
          nicolae_shop_overcharged_wands
D:8:      layout_rooms, ebering_ghost_disaster_area
D:9:      layout_roguey, grunt_lair_entry_orc_guard_hut, minivault_16,
          nicolae_sextant
D:10:     layout_basic, erik_orc_1, uniq_maggie
D:11:     layout_gridville, ebering_ghost_inner_flame
D:12:     layout_small_grid, david_greed, uniq_fannar
Temple:   grunt_wide_crystal_templ

Skill      XL: |  1  2  3  4  5  6  7  8  9 10 |
---------------+-------------------------------+-----
Stealth        | 4 5 6 7 9 11 14 16 18 | 18.2
Dodging        | 3 |  3.0
Short Blades   | 4 5 7 9 10 | 10.7
Fighting       | |  3.0

Action                   |  1- 3 |  4- 6 |  7- 9 | 10-12 || total
-------------------------+-------+-------+-------+-------++-------
Melee: Short sword       |    65 |    92 |       |       ||   157
       Punch             |     2 |     1 |     4 |     4 ||    11
       Dagger            |       |    63 |   337 |       ||   400
       Rapier            |       |       |    78 |   174 ||   252
Throw: Stone             |       |     1 |     1 |       ||     2
       Throwing net      |       |     1 |       |       ||     1
       Dart              |       |       |     1 |       ||     1
       Boomerang         |       |       |       |     2 ||     2
 Abil: Spit Poison       |    23 |    36 |    35 |     8 ||   102
Evoke: Wand              |       |       |       |     1 ||     1
  Use: Scroll            |     4 |     1 |    11 |     4 ||    20
       Potion            |       |       |     1 |     7 ||     8
 Stab: Sleeping          |       |     1 |    23 |     9 ||    33
Armor: Robe              |     9 |    32 |   157 |    86 ||   284
Dodge: Dodged            |    26 |    77 |   165 |    74 ||   342
